 Dungeon Crawl Stone Soup version 0.20.2-3-g29329e0561 (webtiles) character file.

1268 Alfie the Slasher (level 8, -2/69 HPs)
             Began as a Minotaur Fighter on Dec 15, 2020.
             Killed by nerve-wracking pain
             ... invoked by an orc priest
              (6 damage)
             ... on level 6 of the Dungeon.
             The game lasted 00:13:14 (3549 turns).

Alfie the Slasher (Minotaur Fighter)                Turns: 3549, Time: 00:13:15

Health: -2/69      AC:  7    Str: 23    XL:     8   Next: 28%
Magic:  7/7        EV:  9    Int:  5    God:
Gold:   141        SH: 11    Dex: 10    Spells: 7/7 levels left

rFire    . . .     SeeInvis .   a - +0 long sword
rCold    . . .     Gourm    .   c - +0 shield
rNeg     . . .     Faith    .   b - +0 scale mail
rPois    .         Spirit   .   (helmet restricted)
rElec    .         Reflect  .   (no cloak)
rCorr    .         Harm     .   (no gloves)
MR       .....                  (no boots)
Stlth    ..........             (no amulet)
Regen    0.3/turn               (no ring)
MPRegen  0.1/turn               (no ring)

@: no status effects
A: retaliatory headbutt, horns 2
a: no special abilities


You were on level 6 of the Dungeon.
You were not hungry.

You visited 1 branch of the dungeon, and saw 6 of its levels.

You collected 201 gold pieces.
You spent 60 gold pieces at shops.

Inventory:

Hand Weapons
 a - a +0 long sword (weapon)
Armour
 b - a +0 scale mail (worn)
 c - a +0 shield (worn)
Wands
 u - a wand of lightning (10/15)
Scrolls
 e - a scroll of identify
 i - 4 scrolls of remove curse
 r - a scroll of fear
Potions
 d - a potion of might
 g - a potion of flight {unknown}
 h - a potion of cancellation {unknown}
 k - 2 potions of curing {unknown}
 l - a potion of haste {unknown}
 n - a potion of brilliance {unknown}
 s - a potion of magic {unknown}
Comestibles
 f - 3 bread rations
 q - 2 royal jellies
 t - a meat ration


   Skills:
 + Level 5.5 Fighting
 + Level 7.5 Long Blades
 + Level 5.9 Armour
 + Level 3.2 Dodging
 + Level 0.1 Stealth
 + Level 7.1 Shields


You had 7 spell levels left.
You didn't know any spells.

Dungeon Overview and Level Annotations

Branches:
Dungeon (6/15)
 Temple: D:4-7

Altars:
Nemelex Xobeh
Trog

Shops:
D:4 %


Innate Abilities, Weirdness & Mutations

You reflexively headbutt those who attack you in melee.
You have a pair of horns on your head.


Message History

Beogh smites you!
* * * LOW HITPOINT WARNING * * *
The orc priest calls down the wrath of Beogh upon you.
Beogh smites you!
* * * LOW HITPOINT WARNING * * *
You slash something!
Reactivating autopickup.
You feel your dexterity returning.
You feel a bit more experienced. You block the orc priest's attack.
Things that are here:
a dagger; a robe You slash the orc priest!
The orc priest is heavily wounded.
The orc priest hits you but does no damage.
You hit the orc priest. Your headbutt misses the orc priest.
The orc priest is almost dead.
The orc priest calls down the wrath of Beogh upon you.
Pain shoots through your body!
You die...

###...............
# .....##.††.# #
#....#### # #....##
# #.....# #
##....### ######
#..[...#######.....
#.o.##......##.....
##@########........
#.# ######...
#..........# ...#.
#..........#
..#####
#.............#
#..........##
#...........
############


You could see an orc priest.

Vanquished Creatures
  Sigmund (D:3)
  Eustachio (D:5)
  An ogre (D:4)
  A centaur (D:5)
  A bullfrog (D:3)
  A howler monkey (D:6)
  3 crimson imps (D:5)
  A quasit (D:6)
  3 hounds
  2 orc priests (D:5)
  3 orc wizards
  A worker ant (D:4)
  An iguana (D:4)
  A hound zombie (D:6)
  A worker ant zombie (D:5)
  Robin (D:2)
  6 gnolls
  8 adders
  An adder zombie (D:6)
  3 worms (D:3)
  2 dart slugs
  12 orcs
  6 ball pythons
  3 giant cockroaches
  15 goblins
  10 hobgoblins
  12 jackals
  4 quokkas
  3 bats
  3 frilled lizards
  8 kobolds
  A leopard gecko zombie (D:5)
  10 rats
130 creatures vanquished.

Notes
Turn   | Place    | Note
-------+----------+-------------------------------------------
     0 | D:1      | Alfie the Minotaur Fighter began the quest for the Orb.
     0 | D:1      | Reached XP level 1. HP: 19/19 MP: 0/0
   284 | D:1      | Reached XP level 2. HP: 25/27 MP: 1/1
   427 | D:1      | Reached XP level 3. HP: 12/33 MP: 2/2
   973 | D:2      | Reached XP level 4. HP: 34/40 MP: 3/3
  1101 | D:2      | Noticed Robin
  1112 | D:2      | Killed Robin
  1186 | D:2      | Reached skill level 1 in Dodging
  1422 | D:3      | Noticed a bullfrog
  1429 | D:3      | Killed a bullfrog
  1429 | D:3      | Reached XP level 5. HP: 42/47 MP: 4/4
  1831 | D:3      | Noticed Sigmund
  1840 | D:3      | Killed Sigmund
  1840 | D:3      | Reached skill level 5 in Long Blades
  1840 | D:3      | Reached skill level 5 in Shields
  1840 | D:3      | Reached XP level 6. HP: 46/53 MP: 5/5
  1957 | D:3      | Found a sparkling altar of Nemelex Xobeh.
  2046 | D:3      | Noticed a moth of wrath
  2049 | D:3      | Found a bloodstained altar of Trog.
  2212 | D:4      | Found Roram's Food Boutique.
  2219 | D:4      | Bought a bread ration for 60 gold pieces
  2347 | D:4      | Reached skill level 5 in Armour
  2358 | D:4      | Reached XP level 7. HP: 14/60 MP: 6/6
  2412 | D:4      | HP: 3/60 [iguana (11)]
  2731 | D:5      | Entered Level 5 of the Dungeon
  2757 | D:5      | Noticed Eustachio
  2829 | D:5      | Killed Eustachio
  2829 | D:5      | Reached skill level 5 in Fighting
  3213 | D:5      | Reached XP level 8. HP: 62/68 MP: 7/7
  3545 | D:6      | HP: 3/69 [orc priest/divine providence (14)]
  3549 | D:6      | Killed from afar by an orc priest

Skill      XL: |  1  2  3  4  5  6  7  8 |
---------------+-------------------------+-----
Fighting       | 4 5 |  5.5
Armour         | 4 5 |  5.9
Shields        | 4 5 6 7 |  7.1
Long Blades    | 3 4 5 6 7 |  7.5
Dodging        | 1 2 3 |  3.2
Stealth        | |  0.1

Action                   |  1- 3 |  4- 6 |  7- 9 || total
-------------------------+-------+-------+-------++-------
Melee: Long sword        |    83 |   129 |   145 ||   357
       Headbutt          |    11 |    24 |    32 ||    67
  Use: Scroll            |       |     1 |     6 ||     7
       Potion            |       |     1 |     2 ||     3
  Eat: Bread ration      |       |     1 |     1 ||     2
Armor: Scale mail        |    47 |    47 |    79 ||   173
Dodge: Dodged            |    28 |    61 |    84 ||   173
Block: Shield            |    53 |    96 |   115 ||   264
       Rpst.: Long sword |     5 |    13 |    17 ||    35
